 Dungeon Crawl Stone Soup version 0.30-a0-368-g86fb4627a9 (webtiles) character file.

Game seed: 9938950649922687200

3854 themarg the Destroyer (level 9, -8/71 HPs)
             Began as a Pale Draconian Conjurer on Nov 19, 2022.
             Was a Believer of Vehumet.
             Mangled by Menkaure (17 damage)
             ... on level 7 of the Dungeon.
             The game lasted 00:31:53 (9953 turns).

themarg the Destroyer (Pale Draconian Conjurer)     Turns: 9953, Time: 00:31:53

Health: -8/71      AC: 14    Str: 10    XL:     9   Next: 99%
Magic:  6/19       EV: 12    Int: 23    God:    Vehumet [**....]
Gold:   459        SH:  5    Dex:  9    Spells: 11/22 levels left

rFire   . . .      SeeInvis .    y - +4 dagger
rCold   . . .      Faith    .    (no shield)
rNeg    . . .      Spirit   .    (body armour unavailable)
rPois   .          Reflect  +    (helmet restricted)
rElec   .          Harm     .    I - +0 cloak
rCorr   .          Rampage  .    k - +2 pair of gloves
Will    .....                    H - +2 pair of boots
Stlth   ++........               l - amulet of reflection
HPRegen 0.31/turn                (no ring)
MPRegen 0.16/turn                (no ring)

@: no status effects
A: breathe steam, AC +7, unfitting armour, cold-blooded, steam resistance
a: Breathe Steam, Renounce Religion


You were on level 7 of the Dungeon.
You worshipped Vehumet.
Vehumet was pleased with you.
You visited 2 branches of the dungeon, and saw 8 of its levels.
You also visited: Sewer and Ossuary.

You collected 459 gold pieces.

Inventory:

Hand Weapons
 y - a +4 dagger (weapon)
Missiles
 b - 63 stones
 x - 3 poisoned darts
Armour
 k - a +2 pair of gloves (worn)
 H - a +2 pair of boots (worn)
 I - a +0 cloak (worn)
 J - a +0 kite shield
Jewellery
 l - an amulet of reflection (around neck)
 u - an amulet of faith
Wands
 f - a wand of polymorph (21)
 s - a wand of roots (15)
Scrolls
 a - a scroll of noise {unknown}
 d - 6 scrolls of teleportation
 e - a scroll of poison {unknown}
 g - 3 scrolls of silence
 h - a scroll of summoning {unknown}
 i - 4 scrolls of magic mapping
 j - a scroll of fear {unknown}
 o - a scroll of blinking {unknown}
 q - 2 scrolls of fog {unknown}
 B - a scroll of amnesia {unknown}
 C - 2 scrolls of immolation {unknown}
 D - 2 scrolls of torment {unknown}
 F - a scroll of brand weapon {unknown}
 K - a scroll of vulnerability {unknown}
Potions
 c - 4 potions of attraction
 m - 3 potions of haste
 n - 3 potions of cancellation
 p - 2 potions of lignification
 r - a potion of degeneration
 t - a potion of mutation
 v - 4 potions of curing
 w - a potion of flight {unknown}
 z - 2 potions of resistance
 A - a potion of might {unknown}
 E - a potion of invisibility {unknown}
 G - a potion of heal wounds {unknown}
 L - a potion of berserk rage {unknown}


   Skills:
 + Level 4.1 Fighting
 + Level 4.0 Dodging
 - Level 3.0 Stealth
 * Level 2.9 Shields
 - Level 7.0 Spellcasting
 - Level 10.0 Conjurations
 - Level 3.0 Hexes
 - Level 3.0 Translocations


You had 11 spell levels left.
You knew the following spells:

 Your Spells              Type           Power      Damage    Failure   Level
a - Magic Dart            Conj           100%       1d8       1%          1
b - Searing Ray           Conj           100%       2d8       1%          2
c - Fulminant Prism       Conj/Hex       18%        3d10      5%          4
d - Iskenderun's Mystic   Conj/Tloc      37%        2d9       5%          4

Your spell library contained the following spells:

 Spells                   Type           Power      Damage    Failure   Level
 Scorch                   Fire           16%        2d6       12%         2
 Kiss of Death            Conj/Necr      100%       2d13      1%          1
 Dazzling Flash           Conj/Hex       74%        N/A       1%          3
 Apportation              Tloc           42%        N/A       2%          1
 Ensorcelled Hibernation  Hex/Ice        28%        N/A       6%          2
 Confusing Touch          Hex            21%        N/A       7%          3
 Gell's Gravitas          Tloc           21%        N/A       7%          3
 Lesser Beckoning         Tloc           42%        N/A       7%          3
 Teleport Other           Tloc           21%        N/A       7%          3
 Necrotise                Necr           32%        1d5       8%          1
 Summon Small Mammal      Summ           32%        N/A       8%          1
 Spider Form              Tmut/Pois      8%         N/A       22%         3
 Anguish                  Hex/Necr       7%         N/A       38%         4
 Dispel Undead            Necr           8%         3d8       58%         4
 Silence                  Hex/Air        7%         N/A       75%         5
 Agony                    Necr           8%         N/A       91%         5


Dungeon Overview and Level Annotations

Branches:
Dungeon (7/15)             Temple (1/1) D:4           Sewer (visited)
Ossuary (visited)

Altars:
Ashenzari
Dithmenos
Elyvilon
Fedhas
Gozag
Hepliaklqana
Kikubaaqudgha
Makhleb
Nemelex Xobeh
Ru
Sif Muna
Trog
Vehumet
Wu Jian
Xom
Zin
The Shining One

Shops:
D:4 (

Annotations:
D:7 Menkaure


Innate Abilities, Weirdness & Mutations

You can breathe blasts of scalding, opaque steam.
Your pale cyan-grey scales are hard. (AC +7)
You cannot fit into any form of body armour.
You are cold-blooded and may be slowed by cold attacks.
You are immune to the effects of steam.


Message History

Your fulminant prism detonates feebly.
Menkaure calls on the powers of darkness!
Your body is wracked with pain!
* * * LOW HITPOINT WARNING * * *
The centaur shoots an arrow.
The arrow hits you!
* * * LOW HITPOINT WARNING * * *
You feel better.
Menkaure shouts!
The centaur shoots an arrow.
The arrow hits you but does no damage.
Menkaure calls on the powers of darkness!
The centaur convulses!
Your body is wracked with pain!
* * * LOW HITPOINT WARNING * * *
The centaur shoots an arrow.
The arrow hits you.
* * * LOW HITPOINT WARNING * * *
Casting: Fulminant Prism (dangerous; 5% risk of failure)
Confirm with . or Enter, or press ? or * to list all spells.
Aiming: Searing Ray (safe; 1% risk of failure)
Press: ? - help, Shift-Dir - straight line, f - centaur
Aim: a centaur, wielding a +0 shortbow (almost dead, 90% to hit)
The searing ray hits the centaur.
You kill the centaur!
Vehumet accepts your kill. (Press . to maintain the ray.) Menkaure rustles, "Let me perform the rites..."
Your Dodging skill increases to level 4!
The searing ray hits Menkaure!
Menkaure is moderately damaged.
You finish channelling your searing ray.
Casting: Searing Ray (safe; 1% risk of failure)
Confirm with . or Enter, or press ? or * to list all spells.
Aiming: Searing Ray (safe; 1% risk of failure)
Press: ? - help, Shift-Dir - straight line, f - Menkaure
Aim: Menkaure (moderately damaged, fast, 92% to hit)
The searing ray hits Menkaure!
Menkaure is severely damaged. (Press . to maintain the ray.) Menkaure shouts, "You disturbed my rest!
Die!"
Menkaure hits you!
You die...

......#........#
...........#.....##
#..#....#.)#.###>#
#............# #.#
#...#..#....## #†#
##.........### #.#
......##...# #)#
#.........## ###M#
##...#..#...# #.@.#
............###.###
....#....#..##..#
)............#.##
#..#......#....#
#...........##.#
#.....###..###.#
.....## #......#
.....# ######.#


You could see Menkaure (fast).

Vanquished Creatures
  Pikel (D:5)
  A wyvern (D:7)
  A steam dragon (D:6)
  Duvessa (D:4)
  2 water moccasins
  Pargi (Sewer)
  An ice beast (D:7)
  3 sky beasts (D:6)
  2 ogres
  2 centaurs
  4 lemures (D:5)
  Blork the orc (D:4)
  2 bullfrogs (D:6)
  2 elf skeletons (D:4)
  3 scorpions
  A necrophage (D:6)
  A gnoll sergeant (D:5)
  4 wights (D:6)
  Dowan (D:4)
  5 killer bees (D:7)
  An orc priest (D:3)
  9 hounds
  A human zombie (D:4)
  3 jellies
  6 iguanas
  Ijyb (D:3)
  An orc wizard (D:3)
  3 mummies (Ossuary)
  4 gnolls (D:5)
  6 river rats (D:5)
  7 adders
  A shadow imp (D:6)
  A white imp (D:6)
  2 ufetubi (D:5)
  3 adder zombies (Ossuary)
  2 worms (D:3)
  4 dart slugs
  6 orcs
  5 endoplasms
  5 giant cockroaches
  8 goblins
  3 hobgoblins
  2 jackals (Sewer)
  9 quokkas
  3 ball pythons
  4 bats
  2 frilled lizards
  4 goblin zombies (Ossuary)
  2 hobgoblin zombies (Ossuary)
  2 kobolds
  5 kobold zombies (Ossuary)
  An orc skeleton (D:4)
  2 orc zombies (D:4)
  3 quokka zombies (Ossuary)
  15 rats
  A rat zombie (Ossuary)
  A butterfly (D:5)
177 creatures vanquished.

Vanquished Creatures (others)
  6 fulminant prisms
6 creatures vanquished.

Grand Total: 183 creatures vanquished

Notes
Turn   | Place    | Note
-------+----------+-------------------------------------------
     0 | D:1      | themarg the Draconian Conjurer began the quest for the Orb.
     0 | D:1      | Reached XP level 1. HP: 14/14 MP: 3/3
   388 | D:1      | Reached XP level 2. HP: 20/20 MP: 1/5
   391 | D:1      | Learned a level 2 spell: Searing Ray
  1212 | D:2      | Reached XP level 3. HP: 16/26 MP: 0/7
  1921 | D:2      | Found a shimmering altar of Xom.
  2433 | D:3      | HP: 1/26 [orc priest/divine providence (15)]
  2437 | D:3      | Reached XP level 4. HP: 7/33 MP: 6/9
  2730 | D:3      | Reached XP level 5. HP: 36/38 MP: 6/10
  2963 | D:3      | Noticed Ijyb
  2968 | D:3      | Killed Ijyb
  3260 | D:3      | Reached skill level 5 in Conjurations
  3508 | D:4      | Reached XP level 6. HP: 38/45 MP: 0/13
  3664 | D:4      | Found a sand-covered staircase.
  3770 | Ossuary  | Entered an ossuary
  3793 | Ossuary  | Reached skill level 5 in Spellcasting
  4646 | D:4      | Found a staircase to the Ecumenical Temple.
  4653 | D:4      | Noticed Blork the orc
  4655 | Temple   | Entered the Ecumenical Temple
  4697 | Temple   | Became a worshipper of Vehumet
  4729 | D:4      | Killed Blork the orc
  4730 | D:4      | Reached skill level 6 in Conjurations
  4744 | D:4      | Your scales start taking on a pale cyan-grey colour.
  4744 | D:4      | Reached XP level 7. HP: 44/50 MP: 9/14
  4744 | D:4      | Gained mutation: You are immune to the effects of steam.
                  | [Pale Draconian growth]
  4802 | D:4      | Found a sacrificial altar of Ru.
  4870 | D:4      | Noticed Dowan
  4879 | D:4      | Killed Dowan
  5055 | D:4      | Found an ancient bone altar of Kikubaaqudgha.
  5134 | D:4      | Found Ybufut's Antique Weapon Shop.
  5164 | D:4      | Noticed Duvessa
  5180 | D:4      | Killed Duvessa
  5181 | D:4      | Reached skill level 7 in Conjurations
  5430 | D:5      | Entered Level 5 of the Dungeon
  5979 | D:5      | Reached skill level 1 in Translocations
  6150 | D:5      | Reached skill level 1 in Hexes
  6240 | D:5      | Found a blossoming altar of Fedhas.
  6635 | D:5      | Noticed Pikel
  6657 | D:5      | Killed Pikel
  6658 | D:5      | Reached skill level 8 in Conjurations
  6658 | D:5      | Reached XP level 8. HP: 53/57 MP: 0/15
  6979 | D:5      | Reached * piety under Vehumet
  6979 | D:5      | Offered knowledge of Shock by Vehumet.
  7266 | D:5      | Reached skill level 9 in Conjurations
  7855 | D:6      | Reached skill level 10 in Conjurations
  7855 | D:6      | Reached XP level 9. HP: 62/62 MP: 6/16
  7895 | D:6      | Reached ** piety under Vehumet
  7907 | D:6      | Offered knowledge of Sandblast by Vehumet.
  7990 | D:6      | Found a glowing drain.
  7994 | Sewer    | Entered a sewer
  8000 | Sewer    | Learned a level 4 spell: Fulminant Prism
  8005 | Sewer    | Learned a level 4 spell: Iskenderun's Mystic Blast
  8078 | Sewer    | Noticed Pargi
  8087 | Sewer    | Killed Pargi
  8738 | D:6      | Reached skill level 1 in Fighting
  9443 | D:7      | Reached skill level 1 in Shields
  9634 | D:7      | Offered knowledge of Scorch by Vehumet.
  9927 | D:7      | Noticed Menkaure
  9953 | D:7      | Mangled by Menkaure

Illustrated notes

Levels and vault maps discovered:
D:1:      dpeg_arrival_three_smaller_balls, layout_basic, minmay_tiny_reverse_x
D:2:      layout_loops_corners, basic_altar
D:3:      layout_loops_cross, bh_walls_and_bars, uniq_ijyb
D:4:      layout_cave_pools, lemuel_doored_altar,
          nicolae_ru_sacrificial_ziggurat, minmay_temple_entry_butterflies,
          serial_shops, nicolae_square_shop, nicolae_ossuary_entry_catacombs,
          minmay_misc_feat_roman, uniq_duvessa, uniq_blork_the_orc
D:5:      lemuel_ratsnest, layout_loops_corners, fedhas_bush_and_centaur_altar,
          uniq_pikel
D:6:      layout_basic, gup_sewer_entry_spiral, minmay_door_square,
          kennysheep_generic_room_6
D:7:      layout_rooms, grunt_decor_fettered, minmay_misc_feat_ornament,
          minmay_misc_feat_more_columns, uniq_menkaure
Temple:   nicolae_temple_bog_church

Skill      XL: |  1  2  3  4  5  6  7  8  9 |
---------------+----------------------------+-----
Stealth        | 2 3 |  3.0
Spellcasting   | 3 4 5 7 |  7.0
Conjurations   | 5 6 8 10 | 10.0
Translocations | 3 |  3.0
Hexes          | 3 |  3.0
Fighting       | 4 |  4.1
Dodging        | 4 |  4.0
Shields        | 2 |  2.9

Action                   |  1- 3 |  4- 6 |  7- 9 || total
-------------------------+-------+-------+-------++-------
Melee: Unarmed           |     9 |       |       ||     9
       Punch             |     2 |       |       ||     2
       Dagger            |    28 |    27 |    11 ||    66
       Tailslap          |     1 |     5 |     1 ||     7
 Cast: Magic Dart        |    53 |    35 |    54 ||   142
       Searing Ray       |    11 |    36 |    86 ||   133
       Fulminant Prism   |       |       |     6 ||     6
       Iskenderun's Myst |       |       |     2 ||     2
 Abil: Breathe Steam     |       |       |     3 ||     3
Evoke: Wand              |       |     1 |     1 ||     2
  Use: Potion            |     2 |     2 |     1 ||     5
       Scroll            |       |     8 |     6 ||    14
Armor: Skin              |     9 |    21 |    25 ||    55
Dodge: Dodged            |    18 |    38 |    57 ||   113
Block: Other             |    11 |    13 |    25 ||    49
       Reflection        |     1 |     1 |     2 ||     4

Table legend: (Time is in decaauts)
 A = Elapsed time spent in this place.
 B = Non-inter-level travel time spent in this place.
 C = Inter-level travel time spent in this place.
 D = Time resting spent in this place.
 E = Time spent auto-exploring this place.
 F = Levels seen in this place.
 G = Mean time per level.
                   A        B        C        D        E       F      G
               +--------+--------+--------+--------+--------+-----+--------+
         Total |  10007 |   9790 |    217 |   2822 |   5350 |  10 | 1000.7 |
       Dungeon |   9066 |   8865 |    201 |   2319 |   5219 |   7 | 1295.1 |
        Temple |     62 |     46 |     16 |      0 |     30 |   1 |   62.0 |
         Sewer |    269 |    269 |      0 |    118 |     78 |   1 |  269.0 |
       Ossuary |    608 |    608 |      0 |    385 |     22 |   1 |  608.0 |
               +--------+--------+--------+--------+--------+-----+--------+

Top non-repeatable levels by time:
     D:5: 2413 daAuts
     D:3: 1348 daAuts
     D:6: 1274 daAuts
     D:4: 1235 daAuts
     D:1: 1114 daAuts
     D:2: 1061 daAuts
     D:7: 617 daAuts
 Ossuary: 608 daAuts
   Sewer: 269 daAuts
  Temple: 62 daAuts
